 Dungeon Crawl Stone Soup version 0.29.1-2-gbd0b4ee654 (webtiles) character file.

Game seed: 16728833360284895688

21101 zeram the Cleaver (level 12, -1/165 HPs)
             Began as a Hill Orc Fighter on Nov 10, 2022.
             Was an Elder of Qazlal.
             Killed by divine providence
             ... invoked by an orc high priest
              (11 damage)
             ... on level 1 of the Orcish Mines.
             The game lasted 00:30:50 (16826 turns).

zeram the Cleaver (Hill Orc Fighter)               Turns: 16826, Time: 00:30:51

Health: -1/165     AC: 33    Str: 24    XL:     12   Next: 86%
Magic:  12/12      EV:  2    Int:  8    God:    Qazlal [****..]
Gold:   2408       SH: 17    Dex: 10    Spells: 11/11 levels left

rFire   . . .      SeeInvis .   A - +2 hand axe (protect)
rCold   . . .      Faith    .   c - +0 buckler
rNeg    . . .      Spirit   .   (body armour currently unavailable)
rPois   +          Reflect  +   (helmet currently unavailable)
rElec   .          Harm     .   (cloak currently unavailable)
rCorr   +          Rampage  .   (gloves currently unavailable)
Will    .....      NoTele   +   (boots currently unavailable)
Stlth   +.........              C - amulet of reflection
HPRegen 0.37/turn               r - ring of resist corrosion
MPRegen 0.13/turn               f - ring of flight

@: tree-form, under a protective aura, repel missiles
A: stationary, stasis, torment immunity, boosted hp
a: Renounce Religion, Convert to Beogh, Upheaval, Elemental Force


You were on level 1 of the Orcish Mines.
You worshipped Qazlal.
Qazlal was greatly pleased with you.
You were a tree.
You visited 2 branches of the dungeon, and saw 12 of its levels.
You visited the Abyss 1 time.
You also visited: Ossuary.

You collected 2408 gold pieces.

Inventory:

Hand Weapons
 a - a +0 war axe
 t - a +1 flail of protection
 A - a +2 hand axe of protection (weapon)
Armour
 b - a +0 scale mail
 c - a +0 buckler (worn)
 d - a +1 plate armour (melded)
 i - a +2 pair of boots (melded)
 u - a +1 pair of gloves (melded)
Jewellery
 f - a ring of flight (right branch)
 h - an amulet of guardian spirit
 l - a +6 ring of dexterity
 r - a ring of resist corrosion (left branch)
 C - an amulet of reflection (around neck)
Wands
 s - a wand of roots (5)
Scrolls
 j - a scroll of teleportation
 n - 2 scrolls of fear
 v - a scroll of poison
 z - a scroll of summoning
 B - a scroll of amnesia
Potions
 e - a potion of cancellation
 g - a potion of haste {unknown}
 k - 2 potions of magic
 m - a potion of brilliance {unknown}
 q - 2 potions of lignification
 x - a potion of flight {unknown}


   Skills:
 + Level 11.6 Fighting
 + Level 14.7 Axes
 + Level 11.6 Armour
 + Level 6.2 Dodging
 + Level 11.4 Shields
 + Level 0.2 Evocations


You had 11 spell levels left.
You didn't know any spells.
Your spell library contained the following spells:

 Spells                   Type           Power      Damage    Failure   Level
 Beastly Appendage        Tmut           0%         N/A       45%         1
 Magic Dart               Conj           0%         1d3       45%         1
 Sandblast                Erth           0%         2d4       45%         1
 Summon Small Mammal      Summ           0%         N/A       45%         1
 Call Imp                 Summ           0%         N/A       61%         2
 Wereblood                Tmut           0%         N/A       61%         2
 Call Canine Familiar     Summ           0%         N/A       83%         3
 Mephitic Cloud           Conj/Pois/Air  0%         N/A       83%         3
 Spider Form              Tmut/Pois      0%         N/A       83%         3
 Summon Guardian Golem    Hex/Summ       0%         N/A       83%         3


Dungeon Overview and Level Annotations

Branches:
Dungeon (10/15)            Temple (0/1) D:6             Orc (2/2) D:10
    Elf (0/3) Orc:2       Ossuary (visited)
   Lair: D:8-11

Altars:
Ashenzari
Dithmenos
Fedhas
Gozag
Hepliaklqana
Kikubaaqudgha
Makhleb
Nemelex Xobeh
Qazlal
Sif Muna
Trog
Uskayaw
Xom
Yredelemnul
Zin
The Shining One
Lugonu

Shops:
Orc:2 :

Portals:
Trove: D:10 (give 18 scrolls of teleportation)

Annotations:
D:8 2 transporters


Message History

The grasping roots constrict the orc high priest!
The orc high priest escapes!
You hit the orc high priest.
The orc high priest is moderately wounded.
Unknown command.
Okay, then.
You hit the orc high priest.
The orc high priest is moderately wounded.
You block the orc high priest's attack.
Unknown command.
You barely miss the orc high priest.
The orc high priest shouts, "Surrender to Beogh and we'll let you live!"
The orc high priest is moderately wounded.
Unknown command.
You hit the orc high priest.
The orc high priest shouts, "Beogh is our master!
Accept the truth or die!"
The orc high priest is moderately wounded.
The orc high priest utters an invocation to Beogh.
Unknown command.
You barely miss the orc high priest.
The orc high priest is moderately wounded.
You hit the orange demon.
The orc high priest is engulfed in freezing vapours.
The orc high priest shouts, "Beogh is our master!
Accept the truth or die!"
You block the orc high priest's attack.
Unknown command.
You slash the orc high priest!
The orc high priest is severely wounded.
The orc high priest threatens, "By the altar or by the axe, you will meet Beogh!"
You hit the sixfirhy. You barely miss the orange demon.
The orc high priest threatens, "By the altar or by the axe, you will meet Beogh!"
The orange demon stings you but does no damage.
You block the orange demon's attack.
You miss the orc high priest.
The orc high priest is severely wounded.
You hit the orange demon. You hit the sixfirhy.
The orc high priest is engulfed in freezing vapours.
The orc high priest invokes the aid of Beogh against you.
Beogh smites you!
You die...

### ##............##
###.### #..............#
......####.#......#...##
.......###.#..>........##
..#.#...#.........#.....##
###.##.................#.##
#.............#..........#
##.#..........§3o.....#.##
#..............♣°.....#.##
##...........°4°#.#......#
##...........☼##.###...## #
##.#.........)...##...# #
####.##.###.##.####.## #
###### ###### ###


You could see an orc high priest, an orange demon (summoned) and a sixfirhy
(summoned).

Vanquished Creatures
  2 two-headed ogres (D:10)
  2 orc high priests (Orc:2)
  A large abomination (Orc:1)
  3 orc knights
  4 trolls
  3 hornets
  Sigmund (D:3)
  2 shadows
  2 wyverns
  6 yaks
  3 steam dragons
  5 wargs
  A water moccasin (D:7)
  Duvessa (D:5)
  18 orc warriors
  2 black bears
  An ice beast (D:6)
  6 ogres
  5 wolves (Orc:2)
  2 phantoms
  Blork the orc (D:5)
  3 elf zombies (Ossuary)
  2 bullfrogs
  4 scorpions
  A necrophage (D:6)
  A wight (D:8)
  Dowan (D:5)
  6 killer bees
  A howler monkey (D:5)
  A vampire bat (D:5)
  4 electric eels (D:10)
  A crimson imp (D:3)
  A centaur zombie (Ossuary)
  2 human zombies (Ossuary)
  3 hounds
  7 orc priests
  2 jellies
  2 gnoll boudas
  Ijyb (D:5)
  22 orc wizards
  4 iguanas
  2 mummies (Ossuary)
  8 adders
  12 gnolls
  2 shadow imps (D:7)
  A white imp (D:5)
  An adder zombie (Ossuary)
  3 worms
  6 dart slugs
  55 orcs
  7 ball pythons
  4 bat skeletons (D:5)
  3 bat zombies (D:5)
  5 endoplasms
  5 giant cockroaches
  8 goblins
  5 hobgoblins
  2 kobolds
  A quokka (D:1)
  5 bats
  4 frilled lizards
  2 goblin zombies (Ossuary)
  12 hobgoblin zombies (Ossuary)
  2 jackal zombies (Ossuary)
  7 kobold zombies (Ossuary)
  7 orc zombies (Ossuary)
  6 rats
315 creatures vanquished.

Vanquished Creatures (others)
  Nessos (Orc:2)
  6 plants (D:6)
7 creatures vanquished.

Grand Total: 322 creatures vanquished

Notes
Turn   | Place    | Note
-------+----------+-------------------------------------------
     0 | D:1      | zeram the Hill Orc Fighter began the quest for the Orb.
     0 | D:1      | Reached XP level 1. HP: 19/19 MP: 1/1
   113 | D:1      | Reached XP level 2. HP: 24/27 MP: 2/2
   586 | D:1      | Reached skill level 3 in Axes
  1205 | D:2      | Reached XP level 3. HP: 33/33 MP: 3/3
  1375 | D:2      | Reached XP level 4. HP: 18/40 MP: 4/4
  1623 | D:2      | Reached skill level 4 in Axes
  2256 | D:3      | Found a burning altar of Makhleb.
  2256 | D:3      | Found a shimmering altar of Xom.
  2265 | D:3      | Reached XP level 5. HP: 46/46 MP: 5/5
  2308 | D:3      | Reached skill level 5 in Axes
  2349 | D:3      | Found a shadowy altar of Dithmenos.
  2463 | D:3      | Noticed Sigmund
  2469 | D:3      | Killed Sigmund
  2470 | D:3      | Reached skill level 6 in Axes
  2470 | D:3      | Reached skill level 1 in Dodging
  2470 | D:3      | Reached XP level 6. HP: 46/53 MP: 4/6
  2688 | D:4      | Reached skill level 9 in Axes
  2688 | D:4      | Reached XP level 7. HP: 68/68 MP: 7/7
  2787 | D:4      | Found a sparkling altar of Nemelex Xobeh.
  2880 | D:4      | Found a sand-covered staircase.
  2887 | Ossuary  | Entered an ossuary
  3009 | Ossuary  | Reached XP level 8. HP: 53/74 MP: 5/8
  3024 | Ossuary  | Reached skill level 10 in Axes
  3318 | D:4      | Found a basalt altar of Yredelemnul.
  3533 | D:4      | Found a stormy altar of Qazlal.
  3918 | D:4      | Became a worshipper of Qazlal Stormbringer
  3956 | D:5      | Entered Level 5 of the Dungeon
  3959 | D:5      | Noticed Duvessa
  3972 | D:5      | Noticed Dowan
  3974 | D:5      | Killed Duvessa
  3985 | D:5      | Noticed Ijyb
  4304 | D:5      | Killed Dowan
  4318 | D:5      | Killed Ijyb
  4425 | D:5      | Found a broken altar of Ashenzari.
  4475 | D:5      | Noticed Blork the orc
  4493 | D:5      | Killed Blork the orc
  4656 | D:5      | Found an ancient bone altar of Kikubaaqudgha.
  4660 | D:5      | Reached XP level 9. HP: 82/82 MP: 9/9
  4720 | D:5      | Reached * piety under Qazlal
  5140 | D:6      | Noticed a hornet
  5147 | D:6      | Paralysed by a hornet for 3 turns
  5540 | D:6      | Reached skill level 11 in Axes
  5738 | D:6      | Reached skill level 5 in Dodging
  5908 | D:6      | Killed a hornet
  6622 | D:6      | Found a staircase to the Ecumenical Temple.
  6756 | D:6      | Found a glowing golden altar of the Shining One.
  7182 | D:7      | Reached XP level 10. HP: 86/91 MP: 6/10
  7269 | D:7      | Found a hazy altar of Hepliaklqana.
  7341 | D:7      | Reached skill level 12 in Axes
  7997 | D:8      | Reached ** piety under Qazlal
  8160 | D:8      | Found a transporter.
  8161 | D:8      | Noticed a black mamba
  8162 | D:8      | Found a corrupted altar of Lugonu.
  8163 | D:8      | Noticed a white ugly thing
  8163 | D:8      | Noticed a red ugly thing
  8164 | D:8      | Noticed a brown ugly thing
  8424 | D:8      | Found a hide-covered altar of Uskayaw.
  8578 | D:8      | Found a blossoming altar of Fedhas.
  8637 | D:8      | Found a transporter.
  8642 | D:8      | Noticed a cyclops
  8649 | D:8      | Noticed an eye of devastation
  8649 | D:8      | a cyclops changed into an eye of devastation
  8841 | D:9      | Found an opulent altar of Gozag.
  9950 | D:9      | Found a glowing silver altar of Zin.
  9950 | D:9      | Noticed an angel
 10152 | D:9      | Paralysed by a hornet for 3 turns
 10163 | D:9      | Paralysed by a hornet for 1 turns
 10456 | D:9      | Found a bloodstained altar of Trog.
 10818 | D:10     | Entered Level 10 of the Dungeon
 10819 | D:10     | Reached skill level 10 in Fighting
 10819 | D:10     | Reached skill level 13 in Axes
 10819 | D:10     | Reached skill level 10 in Armour
 10819 | D:10     | Reached XP level 11. HP: 101/101 MP: 11/11
 11170 | D:10     | Noticed a two-headed ogre
 11186 | D:10     | Killed a two-headed ogre
 11187 | D:10     | Reached XP level 12. HP: 52/108 MP: 12/12
 11229 | D:10     | Reached *** piety under Qazlal
 11741 | D:10     | Reached skill level 14 in Axes
 12413 | D:10     | Found a staircase to the Orcish Mines.
 12898 | D:10     | Noticed a two-headed ogre
 12918 | D:10     | Killed a two-headed ogre
 13288 | D:10     | Found a portal to a secret trove of treasure.
 13371 | D:10     | Found a shimmering blue altar of Sif Muna.
 13387 | D:10     | Reached skill level 10 in Shields
 13391 | D:10     | Got Sif Muna's Spellbook of Metal
 13499 | Orc:1    | Entered Level 1 of the Orcish Mines
 13562 | Orc:2    | Entered Level 2 of the Orcish Mines
 13587 | Orc:2    | Noticed an orc high priest
 14608 | Orc:2    | Noticed a soul eater
 14620 | Abyss:2  | Cast into level 2 of the Abyss (orc high priest)
 14658 | Abyss:2  | Found a corrupted altar of Lugonu.
 14662 | Abyss:2  | Noticed a starflower
 14697 | Orc:1    | Escaped the Abyss
 15118 | Orc:1    | Reached **** piety under Qazlal
 15419 | Orc:2    | Noticed Nessos
 15439 | Orc:2    | Killed Nessos
 15777 | Orc:2    | Found a staircase to the Elven Halls.
 15897 | Orc:2    | Noticed an orc high priest
 15898 | Orc:2    | Noticed an orc high priest
 15899 | Orc:2    | Noticed an orc high priest
 15904 | Orc:2    | Noticed a sun demon
 15935 | Orc:2    | Killed an orc high priest
 15941 | Orc:2    | Killed an orc high priest
 15952 | Orc:2    | Noticed a sun demon
 15955 | Orc:2    | Found Paifonn's Book Emporium.
 16816 | Orc:1    | HP: 8/165 [large abomination (6)]
 16826 | Orc:1    | Killed from afar by an orc high priest

Illustrated notes

Levels and vault maps discovered:
D:1:      psy_arrival_radial02, layout_basic, grunt_decor_fettered,
          kennysheep_crisscross
D:2:      layout_rooms
D:3:      layout_rooms, grunt_temple_overflow_champion_of_chaos,
          grunt_dithmenos_smoke_and_mirrors, kennysheep_generic_room_10,
          uniq_sigmund
D:4:      layout_gridville, mainiacjoe_overflow_alcove_4,
          mainiacjoe_overflow_boulevard, mainiacjoe_overflow_surrounded_room,
          enter_ossuary_2, minmay_misc_feat_plants
D:5:      layout_loops_ring, cheibrodos_ashenzari_chains,
          kennysheep_vampire_church, uniq_blork_the_orc, uniq_ijyb, uniq_duvessa
D:6:      layout_cave_pools, tso_oasis_becter,
          minmay_temple_entry_gardened_gates, lightli_corner_chamber
D:7:      layout_basic, overflow_temple_1_default
D:8:      gammafunk_corrupted_shrine, layout_loops_ring,
          eat_drink_and_be_merry_uskayaw, general_overflow_altar, st_stairs_5
D:9:      layout_basic, lemuel_crystal_altar, zin_angel, lemuel_doored_altar
D:10:     layout_loops_corners, led_sif_book, erik_orc_2, enter_bailey_5,
          nicolae_trove_entry_diagonal
Orc:1:    layout_caves, lightli_volcano_entry_magma_tube
Orc:2:    st_orc_elflike, layout_caves, serial_shops, shop, mines5_lemuel,
          uniq_nessos

Skill      XL: |  1  2  3  4  5  6  7  8  9 10 11 12 |
---------------+-------------------------------------+-----
Axes           | 3 4 6 9 10 11 13 14 | 14.7
Armour         | 4 7 8 10 11 | 11.6
Fighting       | 4 8 9 10 11 | 11.6
Shields        | 4 7 8 9 11 | 11.4
Dodging        | 1 4 5 6 |  6.2
Evocations     | |  0.2

Action                   |  1- 3 |  4- 6 |  7- 9 | 10-12 || total
-------------------------+-------+-------+-------+-------++-------
Melee: War axe           |    62 |   103 |   404 |    38 ||   607
       Unarmed           |       |       |     9 |       ||     9
       Hand axe          |       |       |       |   836 ||   836
Evoke: Wand              |       |       |     3 |     2 ||     5
  Use: Potion            |     1 |     2 |     6 |    11 ||    20
       Scroll            |       |     7 |     8 |    13 ||    28
 Stab: Distracted        |       |       |     1 |       ||     1
       Invisible         |       |       |       |    16 ||    16
Armor: Scale mail        |    40 |    48 |   109 |       ||   197
       Plate armour      |       |       |    15 |   350 ||   365
       Skin              |       |       |       |     1 ||     1
Dodge: Dodged            |    42 |    45 |   172 |   178 ||   437
Block: Buckler           |    19 |    22 |   113 |   416 ||   570
       Reflection        |       |       |       |    23 ||    23
